[Event "Titled Tuesday Blitz November 2 2021"]
[White "Siva Mahadevan"]
[Black "Demidov, Mikhail"]
[WhiteFideId "25043153"]
[BlackFideId "4197143"]
[WhiteElo "2203"]
[BlackElo "2527"]
[Result "0-1"]
[Round "09"]
[TimeControl "180+1"]
[Date "2021.11.02"]
[WhiteClock "0:00:12"]
[BlackClock "0:00:01"]

1. e4 e6 2. d4 d5 3. Nd2 a6 4. Ngf3 c5 5. exd5 exd5 6. dxc5 Bxc5 7. Bd3 Nf6 8. O-O O-O 9. Nb3 Bb6 10. h3 Nc6 11. c3 Ne4 12. Nbd4 Qf6 13. Be3 Bc7 14. Re1 Re8 15. Qc2 Qg6 16. Kh1 Qh5 17. Ng1 Bd7 18. Rad1 Rad8 19. Qe2 Qg6 20. Qf1 Ne5 21. Bb1 Nc4 22. Bxe4 Rxe4 23. Bc1 b5 24. Ngf3 Rde8 25. b3 Nd6 26. Be3 h6 27. Nd2 R4e7 28. Bf4 Ba5 29. Rxe7 Rxe7 30. b4 Bb6 31. N2f3 Ne4 32. Rc1 f6 33. Kh2 Qf7 34. Be3 Bc7+ 35. Kg1 Re8 36. Qd3 Rc8 37. Nb3 Bd6 38. Nfd4 Kh8 39. f3 Ng3 40. Bf2 Nh5 41. Ne2 Re8 42. Rd1 Bc6 43. Nbd4 Bd7 44. Nb3 Bc6 45. Bc5 Bc7 46. Bf2 Bb8 47. Re1 Qc7 48. g3 Qf7 49. Kg2 g5 50. Ned4 Bd7 51. Rxe8+ Qxe8 52. Nc5 Bc8 53. Qe3 Qxe3 54. Bxe3 Nxg3 55. Nc6 Bc7 56. Bd4 Kg7 57. Ne7 Bf5 58. Nxd5 Bd6 59. Nxa6 Ne2 60. Bxf6+ Kg6 61. Be7 Be5 62. Bc5 Be6 63. Nac7 Kf7 64. Kf2 Nc1 65. a3 Bxc7 66. Nxc7 Bc4 67. Ke3 Nd3 68. Bd4 Nb2 69. Na8 Nd1+ 70. Ke4 Ke6 71. Nb6 Bb3 72. Kd3 Nb2+ 73. Ke4 Nc4 74. Na8 Bc2# 0-1


[Site "https://www.chess.com"]

[Event "Titled Tuesday Blitz November 2 2021"]
[White "Skatchkov, Valery"]
[Black "Erdogdu, Mert"]
[WhiteFideId "24195812"]
[BlackFideId "6301495"]
[WhiteElo "2195"]
[BlackElo "2485"]
[Result "0-1"]
[Round "09"]
[TimeControl "180+1"]
[Date "2021.11.02"]
[WhiteClock "0:00:01"]
[BlackClock "0:00:36"]

1. d4 d5 2. c4 e6 3. Nf3 c5 4. cxd5 exd5 5. Nc3 Nc6 6. g3 Nf6 7. Bg2 Be7 8. O-O O-O 9. dxc5 Bxc5 10. Bg5 d4 11. Ne4 Be7 12. Bxf6 Bxf6 13. Qb3 Re8 14. Nxf6+ Qxf6 15. e3 dxe3 16. fxe3 Qe7 17. Nd4 Ne5 18. Rf4 Rb8 19. Raf1 Kh8 20. Re4 Bd7 21. Kh1 Qd6 22. Qc2 Rbc8 23. Qb1 g6 24. h3 Kg8 25. Kh2 Re7 26. Ref4 Rce8 27. Rf6 Qb4 28. Bxb7 Qxb7 29. R1f2 Bc8 30. Qf1 Qd7 31. R2f5 Qd5 32. Rg5 Bb7 33. h4 Qe4 34. Rf4 Qd3 35. Nf5 Qxf1 36. Rxf1 Kh8 37. Nxe7 Rxe7 38. Kh3 Kg7 39. h5 h6 40. hxg6 hxg5 0-1


[Site "https://www.chess.com"]

[Event "Titled Tuesday Blitz November 2 2021"]
[White "Srebrnic, Marko"]
[Black "Kaasen, Tor Fredrik"]
[WhiteFideId "14603616"]
[BlackFideId "1516647"]
[WhiteElo "2340"]
[BlackElo "2349"]
[Result "0-1"]
[Round "09"]
[TimeControl "180+1"]
[Date "2021.11.02"]
[WhiteClock "0:00:56"]
[BlackClock "0:01:59"]

1. e4 c5 2. Nf3 d6 3. Bb5+ Nd7 4. O-O a6 5. Bd3 Ngf6 6. c3 e6 7. Bc2 b5 8. d4 Bb7 9. Re1 Be7 10. a4 O-O 11. Nbd2 Qc7 12. Qe2 cxd4 13. Nxd4 bxa4 14. Bxa4 d5 15. e5 Ne4 16. f4 Ndc5 17. Bc2 a5 18. N2f3 g6 19. f5 exf5 20. Bh6 Rfe8 21. b4 axb4 22. cxb4 Ne6 23. Kh1 Bxb4 24. Rec1 Rxa1 25. Rxa1 Nxd4 26. Nxd4 Qxe5 27. Be3 Bc3 28. Rd1 Bxd4 29. Rxd4 Qxd4 30. Bxd4 Ng3+ 31. hxg3 Rxe2 32. Ba4 Rd2 33. Bf6 d4 0-1


[Site "https://www.chess.com"]

[Event "Titled Tuesday Blitz November 2 2021"]
[White "Swicarz, Maciej"]
[Black "Sanchez Alvares, Kelvin Antonio"]
[WhiteFideId "1113585"]
[BlackFideId "3906680"]
[WhiteElo "2130"]
[BlackElo "2193"]
[Result "0-1"]
[Round "09"]
[TimeControl "180+1"]
[Date "2021.11.02"]
[WhiteClock "0:01:49"]
[BlackClock "0:01:56"]

1. c4 Nf6 2. Nc3 g6 3. e4 d6 4. d4 Bg7 5. Nge2 O-O 6. Ng3 c5 7. d5 e6 8. Be2 exd5 9. cxd5 a6 10. a4 Re8 11. O-O Nbd7 12. a5 Rb8 13. Bf4 Ne5 14. Bg5 h6 15. Bd2 b5 16. axb6 Rxb6 17. Qc1 Kh7 18. f4 Ned7 19. Bf3 c4 20. Be2 Nc5 21. Bxc4 Ncxe4 22. Ncxe4 Nxe4 23. Nxe4 Rxe4 24. Ra2 Qf6 25. Bd3 Qd4+ 26. Rf2 Qxd3 27. Ra3 Qc4 0-1


[Site "https://www.chess.com"]

[Event "Titled Tuesday Blitz November 2 2021"]
[White "Sychev, Klementy"]
[Black "Provotorov, Ivan"]
[WhiteFideId "4114060"]
[BlackFideId "4154657"]
[WhiteElo "2615"]
[BlackElo "2291"]
[Result "1-0"]
[Round "09"]
[TimeControl "180+1"]
[Date "2021.11.02"]
[WhiteClock "0:00:08"]
[BlackClock "0:00:06"]

1. b3 a5 2. e4 e6 3. Bb2 a4 4. Nf3 a3 5. Bc3 Nf6 6. d3 d5 7. Qe2 Nc6 8. g3 d4 9. Bd2 Nb4 10. Bc1 Be7 11. Bg2 O-O 12. Nxa3 Nxd3+ 13. cxd3 Bb4+ 14. Kf1 Bxa3 15. Bxa3 Rxa3 16. Qb2 Ra6 17. b4 Rb6 18. Rc1 Qd7 19. Rc4 e5 20. Nxe5 Qe7 21. Nf3 Be6 22. Rc1 Rxb4 23. Qa3 c5 24. h3 b6 25. Kg1 Qb7 26. Rc2 Ra8 27. Qc1 Qa6 28. Ne5 Bxa2 29. Kh2 Be6 30. f4 Qa3 31. f5 Qxc1 32. Rhxc1 Bb3 33. Rb2 Ba4 34. Rxb4 cxb4 35. Rc4 b3 36. Rxd4 b5 37. Rb4 Rc8 38. g4 Rc2 39. Kg3 h6 40. Bf3 b2 41. h4 Rd2 42. g5 hxg5 43. hxg5 Ne8 44. Kf4 Nd6 45. Ke3 Rh2 46. Be2 Rh1 47. Rxb2 f6 48. gxf6 gxf6 49. Nd7 Kf7 50. Nc5 Rh3+ 51. Bf3 Rh2 52. Rxh2 Nxf5+ 53. exf5 1-0


[Site "https://www.chess.com"]

[Event "Titled Tuesday Blitz November 2 2021"]
[White "Terry, Renato"]
[Black "Holt, Conrad"]
[WhiteFideId "3803457"]
[BlackFideId "2034387"]
[WhiteElo "2577"]
[BlackElo "2586"]
[Result "1-0"]
[Round "09"]
[TimeControl "180+1"]
[Date "2021.11.02"]
[WhiteClock "0:00:03"]
[BlackClock "0:00:03"]

1. d4 d5 2. Bg5 h6 3. Bh4 c6 4. e3 Qb6 5. b3 e5 6. Nf3 Nd7 7. Be2 Ne7 8. Bg3 e4 9. Ne5 Nf5 10. Nxd7 Bxd7 11. Be5 Qd8 12. Bg4 Qg5 13. g3 Qd8 14. h4 f6 15. Bf4 g5 16. hxg5 fxg5 17. Be5 Rg8 18. Bh5+ Ke7 19. c4 Qa5+ 20. Qd2 Qxd2+ 21. Kxd2 Bg7 22. cxd5 Bxe5 23. dxe5 cxd5 24. Nc3 Ke6 25. Bg4 Kxe5 26. Bxf5 Bxf5 27. Rxh6 Raf8 28. Rah1 Bg6 29. R1h2 d4 30. exd4+ Kxd4 31. Nd1 Rf6 32. Ne3 Ra6 33. a4 Rb6 34. Nc2+ Ke5 35. Kc3 Rf8 36. Ne3 Rf3 37. b4 Rc6+ 38. Kd2 Kd4 39. b5 Rcf6 40. Ke2 Kc5 41. Ng4 Re6 42. Ne3 Kb4 43. Rh8 Kxa4 44. Ra8 Kxb5 45. Rxa7 Kb6 46. Ra2 Rc6 47. Rb2+ Kc7 48. Rh8 Bf7 49. Rh7 Rd6 50. Nc4 Rd7 51. Rc2 Bxc4+ 52. Rxc4+ Kd8 53. Rh8+ Ke7 54. Rxe4+ Kd6 55. Kxf3 1-0


[Site "https://www.chess.com"]

[Event "Titled Tuesday Blitz November 2 2021"]
[White "Timofeev, Artyom"]
[Black "Wagner, Dennis"]
[WhiteFideId "4140419"]
[BlackFideId "24650684"]
[WhiteElo "2591"]
[BlackElo "2355"]
[Result "1-0"]
[Round "09"]
[TimeControl "180+1"]
[Date "2021.11.02"]
[WhiteClock "0:00:19"]
[BlackClock "0:00:02"]

1. c4 c5 2. Nf3 Nf6 3. Nc3 e6 4. e4 Nc6 5. Be2 d5 6. cxd5 exd5 7. e5 Ne4 8. O-O Be7 9. Bd3 Bf5 10. Qe2 Nxc3 11. dxc3 Bxd3 12. Qxd3 Qd7 13. Bf4 O-O-O 14. b4 cxb4 15. cxb4 Bxb4 16. Rfc1 d4 17. Rab1 Bc3 18. Ng5 Qd5 19. Rb5 Qxa2 20. Qf5+ Rd7 21. Rxb7 Rd8 22. Rbb1 Ne7 23. Qxh7 Nd5 24. Bg3 g6 25. Qh3 Rf8 26. Nxf7 Rxf7 27. e6 Kd8 28. exf7 Rxf7 29. Qh8+ Ke7 30. Bh4+ Kd6 31. Qd8+ Kc5 32. Qe8 Rf5 33. Qxg6 Rf7 34. Qxf7 Nf4 35. Qxa2 Ne2+ 36. Qxe2 1-0


[Site "https://www.chess.com"]

[Event "Titled Tuesday Blitz November 2 2021"]
[White "Tregubov, Pavel V."]
[Black "Narayanan, Srinath"]
[WhiteFideId "4115341"]
[BlackFideId "5018420"]
[WhiteElo "2423"]
[BlackElo "2472"]
[Result "1-0"]
[Round "09"]
[TimeControl "180+1"]
[Date "2021.11.02"]
[WhiteClock "0:00:06"]
[BlackClock "0:00:01"]

1. e4 c6 2. Nf3 d5 3. Nc3 Bg4 4. h3 Bxf3 5. Qxf3 e6 6. g3 Nd7 7. d4 dxe4 8. Nxe4 Ngf6 9. Bg2 Nxe4 10. Qxe4 Nf6 11. Qd3 Bd6 12. O-O O-O 13. c4 Re8 14. Rd1 Qa5 15. Bd2 Bb4 16. Be3 Rad8 17. a3 Bf8 18. b4 Qc7 19. Qb3 b5 20. Rac1 bxc4 21. Qxc4 Nd5 22. Bxd5 exd5 23. Qxc6 Qe7 24. Qc7 Qe6 25. h4 Bd6 26. Qc6 Qg4 27. Qxd5 Bf4 28. Qxd8 Rxd8 29. Bxf4 Rd5 30. Re1 h6 31. Be3 g5 32. hxg5 hxg5 33. Rc5 Rf5 34. Rxf5 Qxf5 35. Rd1 Qd5 36. Rc1 g4 37. Rc5 Qd6 38. Rg5+ Kf8 39. Rxg4 Qa6 40. d5 Qxa3 41. Bc5+ Ke8 42. d6 Kd7 43. Re4 Qc1+ 44. Kg2 Qd1 45. Re7+ Kd8 46. Rxa7 Qd5+ 47. f3 Qd2+ 48. Kh3 Qh6+ 49. Kg2 Qd2+ 50. Bf2 Qxd6 51. b5 Qd2 52. b6 Qb2 53. Rxf7 Kc8 54. g4 Qa2 55. Rc7+ Kb8 56. g5 Qd2 57. Rc5 Kb7 58. g6 Qb2 59. Rc7+ Kb8 60. g7 Qb3 61. Bg3 Ka8 62. Ra7# 1-0


[Site "https://www.chess.com"]

[Event "Titled Tuesday Blitz November 2 2021"]
[White "Urazayev, Arystanbek"]
[Black "Naroditsky, Daniel"]
[WhiteFideId "13709810"]
[BlackFideId "2026961"]
[WhiteElo "2321"]
[BlackElo "2608"]
[Result "0-1"]
[Round "09"]
[TimeControl "180+1"]
[Date "2021.11.02"]
[WhiteClock "0:00:02"]
[BlackClock "0:00:19"]

1. e4 e5 2. Nf3 Nc6 3. Bb5 f5 4. d3 fxe4 5. dxe4 Nf6 6. Bxc6 bxc6 7. Nxe5 Qe7 8. Nd3 Qxe4+ 9. Qe2 Qxe2+ 10. Kxe2 Ba6 11. Nc3 Bd6 12. Be3 O-O 13. h3 Rfe8 14. Kd2 Bc4 15. Rhe1 a5 16. b3 Bf7 17. a4 Bg6 18. Bd4 Bf8 19. f3 d6 20. Rxe8 Rxe8 21. Re1 Rb8 22. Nb2 d5 23. Nd3 Nd7 24. Ne5 Nxe5 25. Bxe5 Bb4 26. Re2 Re8 27. f4 Rxe5 28. Rxe5 d4 29. f5 Bf7 30. Kd3 Bxc3 31. Re7 Bd5 32. g4 Bg2 33. g5 Bxh3 34. f6 gxf6 35. gxf6 Bf5+ 36. Kc4 Bxc2 37. Rxc7 h5 38. Rg7+ Kf8 39. Rg5 Bd1 40. Rg7 Be2+ 41. Kc5 d3 42. Kd6 d2 43. Ke6 Bg4+ 0-1


[Site "https://www.chess.com"]

[Event "Titled Tuesday Blitz November 2 2021"]
[White "Vlassov, Nikolai"]
[Black "Viani Antonio Dcunha"]
[WhiteFideId "4103360"]
[BlackFideId "5027330"]
[WhiteElo "2407"]
[BlackElo "2366"]
[Result "1-0"]
[Round "09"]
[TimeControl "180+1"]
[Date "2021.11.02"]
[WhiteClock "0:00:19"]
[BlackClock "0:00:04"]

1. e4 e5 2. Bc4 Nf6 3. d3 Nc6 4. Nf3 Bc5 5. Bg5 h6 6. Bh4 d6 7. Nc3 Be6 8. Nd2 g5 9. Bg3 h5 10. h4 g4 11. Nd5 Bxd5 12. exd5 Ne7 13. Ne4 Nxe4 14. dxe4 f5 15. exf5 Nxf5 16. Qd3 Qf6 17. Bb5+ Ke7 18. O-O-O Rhf8 19. Ba4 a5 20. Qb5 Rfd8 21. Qxb7 Ra7 22. Qb5 Nd4 23. Qd3 Rb7 24. c3 Nf5 25. Bc2 Nxg3 26. fxg3 Rdb8 27. b3 a4 28. b4 Qh6+ 29. Kb1 Rxb4+ 30. cxb4 Rxb4+ 31. Bb3 axb3 32. axb3 e4 33. Rde1 Qg6 34. Rhf1 Rd4 35. Qc2 Kd7 36. Rf4 Qg7 37. Rfxe4 Rxe4 38. Qxe4 Kc8 39. Qe8+ Kb7 40. Qc6+ Ka7 41. Qa4+ Kb7 42. Re8 Qg6+ 43. Qe4 Qf6 44. Qd3 c6 45. Qh7+ Kb6 46. Rb8+ Ka5 47. Qc7+ Ka6 48. Qb7+ 1-0


[Site "https://www.chess.com"]

[Event "Titled Tuesday Blitz November 2 2021"]
[White "Weetik, Vjacheslav"]
[Black "Goltsev, Dmitry"]
[WhiteFideId "4153472"]
[BlackFideId "24176710"]
[WhiteElo "2469"]
[BlackElo "2334"]
[Result "1-0"]
[Round "09"]
[TimeControl "180+1"]
[Date "2021.11.02"]
[WhiteClock "0:00:04"]
[BlackClock "0:00:02"]

1. e4 e6 2. d3 d5 3. Qe2 dxe4 4. dxe4 Nc6 5. Nf3 Nf6 6. c3 Bc5 7. Bg5 h6 8. Bh4 g5 9. Bg3 Nh5 10. Qc2 g4 11. Ne5 Nxg3 12. Nxc6 Qd6 13. hxg3 Qxc6 14. Nd2 Bd7 15. Nb3 Bb6 16. O-O-O O-O-O 17. Nd4 Qc5 18. Rd2 e5 19. Nb3 Qe7 20. Bc4 Qg5 21. Kb1 f5 22. Rxd7 Kxd7 23. exf5 Kc8 24. a4 c6 25. a5 Bc7 26. a6 b6 27. Bd3 c5 28. Qe2 Qg8 29. Bc4 Qf8 30. Qe4 Rd6 31. Be6+ Kd8 32. Qb7 Rxe6 33. fxe6 Qd6 34. Kc2 c4 35. Rd1 cxb3+ 36. Kc1 Ke7 37. Rxd6 Kxd6 38. Qe4 Re8 39. Qc4 Rxe6 40. Qxb3 e4 41. Qc4 Re5 42. b4 b5 43. Qd4+ Rd5 44. Qxa7 Rf5 45. Kd2 Rd5+ 46. Ke2 Rd3 47. Qb7 Rxc3 48. a7 Rc2+ 49. Kd1 e3 50. a8=Q e2+ 51. Kxc2 e1=Q 52. Qd5+ Ke7 53. Qe4+ 1-0


[Site "https://www.chess.com"]

[Event "Titled Tuesday Blitz November 2 2021"]
[White "Yaksin, Oleg"]
[Black "Svane, Frederik"]
[WhiteFideId "24105880"]
[BlackFideId "12923044"]
[WhiteElo "2256"]
[BlackElo "2459"]
[Result "0-1"]
[Round "09"]
[TimeControl "180+1"]
[Date "2021.11.02"]
[WhiteClock "0:00:01"]
[BlackClock "0:00:05"]

1. d4 Nf6 2. c4 e6 3. g3 d5 4. Nf3 Bb4+ 5. Bd2 Be7 6. Bg2 O-O 7. O-O c6 8. Qc2 b6 9. Bf4 Bb7 10. Rd1 Nbd7 11. Ne5 Nh5 12. Be3 Nhf6 13. Nc3 Nxe5 14. dxe5 Nd7 15. cxd5 cxd5 16. f4 Bc5 17. Bxc5 bxc5 18. e3 Qb6 19. b3 Rfd8 20. Na4 Qa5 21. Rac1 Rac8 22. Qd2 Qc7 23. Rc2 c4 24. Qd4 Bc6 25. Nc3 Nb6 26. Rdc1 Be8 27. Ne2 Qe7 28. Qd2 Qa3 29. Nd4 a5 30. Bf1 cxb3 31. Rxc8 Rxc8 32. Rxc8 Nxc8 33. axb3 Qc5 34. Bd3 Nb6 35. Kf2 h6 36. h4 Bc6 37. h5 Bd7 38. g4 Na8 39. Bc2 Nc7 40. Qd3 Kf8 41. Qh7 Nb5 42. Qh8+ Ke7 43. Qxg7 Kd8 44. Qf6+ Kc8 45. Qh8+ Kc7 46. Nxb5+ Bxb5 47. Qh7 Kb6 48. Kf3 Qc3 0-1


[Site "https://www.chess.com"]

[Event "Titled Tuesday Blitz November 2 2021"]
[White "Zierk, Steven"]
[Black "Papasimakopoulos, Alexandros"]
[WhiteFideId "2034255"]
[BlackFideId "4244125"]
[WhiteElo "2494"]
[BlackElo "2352"]
[Result "1/2-1/2"]
[Round "09"]
[TimeControl "180+1"]
[Date "2021.11.02"]
[WhiteClock "0:00:10"]
[BlackClock "0:00:16"]

1. e4 e6 2. d4 d5 3. Nc3 Bb4 4. Ne2 Nc6 5. e5 Nge7 6. a3 Ba5 7. b4 Bb6 8. Bb2 O-O 9. Na4 f6 10. exf6 Rxf6 11. Ng3 Ng6 12. Nxb6 axb6 13. Bd3 Nf4 14. O-O Bd7 15. Re1 Be8 16. Bf1 Bg6 17. c4 Qd7 18. c5 Raf8 19. Bc1 bxc5 20. bxc5 h5 21. h4 R6f7 22. Ra2 Qe7 23. Rb2 Qxh4 24. Rxb7 Nxd4 25. Be3 Nc2 26. Bxf4 Nxe1 27. Bxc7 Rxf2 28. Qxe1 Rxf1+ 29. Qxf1 Rxf1+ 30. Nxf1 Qd4+ 31. Kh2 Qxc5 32. Be5 Bf7 33. Nd2 Qxa3 34. Nf3 Qe3 35. Rb8+ Kh7 36. Rb7 Kg6 37. Nh4+ Kg5 38. Nf3+ Kg6 39. Nh4+ Kh7 40. Nf3 Bg6 41. Bxg7 Qf4+ 42. Kg1 Bf7 43. Be5 Qe3+ 44. Kh2 Kg8 45. Rb8+ Kh7 46. Rb7 Kg8 47. Rb8+ Kh7 48. Rb7 1/2-1/2


[Site "https://www.chess.com"]

[Event "Titled Tuesday Blitz November 2 2021"]
[White "Zubov, Alexander"]
[Black "Smirnov, Pavel"]
[WhiteFideId "14109409"]
[BlackFideId "4123425"]
[WhiteElo "2685"]
[BlackElo "2571"]
[Result "1-0"]
[Round "09"]
[TimeControl "180+1"]
[Date "2021.11.02"]
[WhiteClock "0:00:36"]
[BlackClock "0:00:35"]

1. d4 Nf6 2. c4 e6 3. Nf3 d5 4. Nc3 c6 5. Bg5 h6 6. Bh4 dxc4 7. e4 g5 8. Bg3 b5 9. e5 Nd5 10. h4 g4 11. Nd2 h5 12. a4 a6 13. Nde4 Nd7 14. Be2 Bb7 15. O-O Qb6 16. axb5 axb5 17. Rxa8+ Bxa8 18. b3 cxb3 19. Nxd5 cxd5 20. Nd6+ Bxd6 21. exd6 b4 22. Qd2 Bc6 23. Rb1 1-0


[Site "https://www.chess.com"]

[Event "Titled Tuesday Blitz November 2 2021"]
[White "Abdrlauf, Elham"]
[Black "Ozen, Bahadir"]
[WhiteFideId "1533533"]
[BlackFideId "6337058"]
[WhiteElo "2362"]
[BlackElo "2503"]
[Result "1/2-1/2"]
[Round "10"]
[TimeControl "180+1"]
[Date "2021.11.02"]
[WhiteClock "0:00:01"]
[BlackClock "0:00:03"]

1. e4 c6 2. d4 d5 3. Nc3 dxe4 4. Nxe4 Bf5 5. Ng3 Bg6 6. h4 h6 7. Nf3 Nd7 8. h5 Bh7 9. Bd3 Bxd3 10. Qxd3 e6 11. Bd2 Be7 12. O-O-O Ngf6 13. Qe2 O-O 14. Nf1 Qb6 15. Ne5 Nxe5 16. dxe5 Nd5 17. Ne3 Rfd8 18. Ng4 Qa6 19. Qxa6 bxa6 20. c4 Nb6 21. b3 Rd4 22. f3 Nxc4 23. Bc3 Rxd1+ 24. Rxd1 Nb6 25. Kc2 Nd5 26. Rd4 Nb6 27. Bd2 Kf8 28. Nf2 Bc5 29. Bb4 Bxb4 30. Rxb4 c5 31. Re4 Ke7 32. Nd3 Rc8 33. Kc3 Nd5+ 34. Kd2 Nb6 35. Kc3 Nd5+ 36. Kd2 Nb6 37. Nb2 Rd8+ 38. Kc2 Rc8 39. Rg4 Kf8 40. Re4 Ke7 41. Nc4 Nd5 42. Nd6 Rb8 43. Ra4 f6 44. Ne4 fxe5 45. Kd2 Rb6 46. Nxc5 Nf4 47. g4 Rd6+ 48. Kc2 Nd5 49. Kb2 Nc7 50. Re4 Kf6 51. Rc4 Ke7 52. Ne4 Rd7 53. Nc5 Rd6 54. Ne4 Rd7 55. Rc5 Nd5 56. Rc6 Nf6 57. Nc5 Rd6 58. Rc7+ Kf8 59. Rxa7 Rc6 60. b4 Nd5 61. a3 e4 62. fxe4 Nf6 63. Rxa6 Rxa6 64. Nxa6 Ke7 65. b5 Kd6 66. e5+ Kxe5 67. b6 Kf4 68. b7 Nd7 69. Nc5 Nb8 70. Nxe6+ Kxg4 71. Nxg7 Kg5 72. Kb3 Kf6 73. Kb4 Kxg7 74. Kb5 Kf6 75. a4 Ke6 76. a5 Kd6 77. Kb6 Nd7+ 78. Ka7 Kc7 79. Ka8 Nb8 80. Ka7 Nc6+ 81. Ka8 Nb8 82. Ka7 Nc6+ 83. Ka8 Nb8 1/2-1/2


[Site "https://www.chess.com"]

[Event "Titled Tuesday Blitz November 2 2021"]
[White "Alavkin, Arseny"]
[Black "Gaehwiler, Gabriel"]
[WhiteFideId "4120612"]
[BlackFideId "1314530"]
[WhiteElo "2391"]
[BlackElo "2320"]
[Result "0-1"]
[Round "10"]
[TimeControl "180+1"]
[Date "2021.11.02"]
[WhiteClock "0:00:48"]
[BlackClock "0:00:24"]

1. c4 Nf6 2. Nc3 g6 3. d4 Bg7 4. Nf3 O-O 5. g3 b6 6. Bg2 Bb7 7. O-O Ne4 8. Qc2 Nxc3 9. bxc3 Nc6 10. e4 Na5 11. Nd2 Rc8 12. Re1 Ba6 13. Bf1 d6 14. f4 Qd7 15. Rb1 Qc6 16. Qd3 Rfd8 17. Ba3 Qa4 18. Bb4 Nb7 19. Be2 c5 20. Bd1 Qe8 21. Ba3 cxd4 22. cxd4 Na5 23. Bb3 Qc6 24. Rbc1 b5 25. c5 b4 26. Qe3 bxa3 27. d5 Qb5 28. c6 Qb6 29. Qxb6 axb6 30. Kg2 Bd4 31. Kf3 Bc5 32. Ba4 b5 33. Bd1 Nc4 34. Nb3 Bb6 35. Be2 e6 36. Red1 exd5 37. exd5 Re8 38. Bxc4 Re3+ 39. Kg4 bxc4 40. Nd4 Re4 41. Nf3 Bc5 42. Ng5 Re2 43. Rb1 Rxa2 44. Ne4 Rb2 45. Ra1 f5+ 46. Kg5 fxe4 47. f5 gxf5 48. Rf1 e3 49. Rxf5 e2 50. Kf6 Rf8+ 0-1


[Site "https://www.chess.com"]

[Event "Titled Tuesday Blitz November 2 2021"]
[White "Aldokhin, Ivan"]
[Black "Nesterov, Arseniy"]
[WhiteFideId "24115720"]
[BlackFideId "24198455"]
[WhiteElo "2231"]
[BlackElo "2494"]
[Result "0-1"]
[Round "10"]
[TimeControl "180+1"]
[Date "2021.11.02"]
[WhiteClock "0:00:04"]
[BlackClock "0:00:13"]

1. e4 e5 2. Nf3 Nc6 3. Bb5 a6 4. Ba4 b5 5. Bb3 Na5 6. Bxf7+ Kxf7 7. Nxe5+ Ke6 8. d4 d6 9. Nf3 Kf7 10. Ng5+ Ke8 11. e5 Be7 12. Qh5+ g6 13. Qf3 Bxg5 14. Bxg5 Qxg5 15. Qxa8 Ne7 16. O-O dxe5 17. dxe5 Nac6 18. Nc3 Kf7 19. f4 Qf5 20. Rae1 Rd8 21. Ne4 h6 22. Rf2 Kg7 23. Nc5 Rd5 24. Nxa6 Qd7 25. Nb8 Nxb8 26. Qxb8 Nc6 27. Qa8 Ne7 28. e6 Qd6 29. Qa3 Qxa3 30. bxa3 Kf6 31. g4 Bxe6 32. Rfe2 Rd6 33. Re5 c6 34. h3 Kf7 35. Kg2 Nd5 36. Kg3 Bd7 37. R1e2 Nf6 38. R2e3 Rd5 39. Rxd5 Nxd5 40. Re5 Be6 41. Re1 Kf6 42. Re2 Nc3 43. Re5 Bd5 44. Re8 Ne4+ 45. Kh2 Nd2 46. Rb8 Nc4 47. Kg3 Nxa3 48. Rf8+ Kg7 49. Ra8 Nxc2 50. Ra7+ Kf6 51. a3 Nd4 52. h4 Ne2+ 53. Kf2 Nxf4 54. Kg3 g5 55. h5 Be6 56. Rh7 Ne2+ 57. Kf3 Nd4+ 58. Kg3 c5 59. Rxh6+ Kf7 60. Rg6 c4 61. Rxg5 c3 62. Rc5 Bc4 63. Re5 c2 64. Re1 c1=Q 65. Rxc1 Ne2+ 66. Kf3 Nxc1 67. Ke4 Nd3 68. Kd4 Nb2 69. g5 Na4 70. g6+ Kg7 71. Ke5 Be2 72. Kf5 Bxh5 73. Ke5 Bxg6 74. Kd5 Bd3 75. Kc6 Bc4 76. Kd6 Kf6 77. Kd7 Ke5 78. Kc7 Kd4 0-1


[Site "https://www.chess.com"]

[Event "Titled Tuesday Blitz November 2 2021"]
[White "Babazada, Khazar"]
[Black "Timofeev, Artyom"]
[WhiteFideId "13413554"]
[BlackFideId "4140419"]
[WhiteElo "2302"]
[BlackElo "2591"]
[Result "1-0"]
[Round "10"]
[TimeControl "180+1"]
[Date "2021.11.02"]
[WhiteClock "0:00:39"]
[BlackClock "0:00:12"]

1. e4 d6 2. d4 Nf6 3. Nc3 g6 4. Nf3 Bg7 5. h3 c6 6. Be2 O-O 7. O-O Qc7 8. Be3 Nbd7 9. a4 a5 10. Qb1 Re8 11. Qa2 e6 12. Rfd1 h6 13. Rd2 d5 14. e5 Nh7 15. Rf1 f6 16. Bd3 Nhf8 17. exf6 Nxf6 18. Ne2 g5 19. Ng3 N8d7 20. Qb1 e5 21. Bg6 Rf8 22. dxe5 Nxe5 23. Nxe5 Qxe5 24. Re1 Qd6 25. Rde2 Bd7 26. c3 c5 27. b4 axb4 28. cxb4 b6 29. a5 d4 30. Bd2 bxa5 31. bxc5 Qxc5 32. Re7 Kh8 33. Qa2 Ra7 34. Bc1 Qd5 35. Qa3 Raa8 36. Bh5 Nxh5 37. Nxh5 Bc6 38. f3 Rg8 39. Qd3 Bb5 40. Qg6 Ra6 41. R1e6 Rxe6 42. Rxe6 Qc4 43. Qxh6+ Bxh6 44. Rxh6# 1-0


[Site "https://www.chess.com"]

[Event "Titled Tuesday Blitz November 2 2021"]
[White "Bilan, Danila"]
[Black "Gelman, Alexander"]
[WhiteFideId "24161918"]
[BlackFideId "4118316"]
[WhiteElo "2164"]
[BlackElo "2375"]
[Result "0-1"]
[Round "10"]
[TimeControl "180+1"]
[Date "2021.11.02"]
[WhiteClock "0:00:03"]
[BlackClock "0:00:10"]

1. d4 Nf6 2. Nf3 c5 3. e3 d6 4. c4 Nbd7 5. Nc3 a6 6. Be2 e6 7. O-O b6 8. b3 Bb7 9. Bb2 Qc7 10. Qd2 Be7 11. Rad1 Rg8 12. Rfe1 g5 13. Qc2 g4 14. Nd2 h5 15. d5 O-O-O 16. Nde4 h4 17. g3 Nxe4 18. Qxe4 Ne5 19. Na4 Rg7 20. Rd2 f5 21. Qg2 Bf6 22. Red1 Kb8 23. Bc3 Rh7 24. e4 hxg3 25. hxg3 fxe4 26. Qxe4 Rdh8 27. Bxe5 Bxe5 28. Bf1 exd5 29. cxd5 b5 30. Nb2 Rh5 31. Bg2 Qg7 32. Nd3 Bd4 33. Nf4 Re5 34. Qg6 Qe7 35. Ne6 Ka7 36. Nxd4 cxd4 37. Rxd4 Re1+ 38. Rxe1 Qxe1+ 39. Bf1 Rh1+ 40. Kxh1 Qxf1+ 41. Kh2 Qxf2+ 42. Kh1 Qxd4 43. Qg7 Qxd5+ 0-1


[Site "https://www.chess.com"]

[Event "Titled Tuesday Blitz November 2 2021"]
[White "Budrewicz, Krzysztof"]
[Black "Rychagov, Andrey"]
[WhiteFideId "1127950"]
[BlackFideId "4119932"]
[WhiteElo "2242"]
[BlackElo "2500"]
[Result "0-1"]
[Round "10"]
[TimeControl "180+1"]
[Date "2021.11.02"]
[WhiteClock "0:00:19"]
[BlackClock "0:00:46"]

1. d4 f5 2. h3 d5 3. Nf3 Nf6 4. Bf4 e6 5. e3 Bd6 6. Nbd2 Nbd7 7. Bd3 Qe7 8. O-O O-O 9. Ne5 Ne4 10. c4 Nxd2 11. Qxd2 Bxe5 12. dxe5 Nb6 13. b3 Bd7 14. Rac1 dxc4 15. bxc4 Bc6 16. Qc2 Rad8 17. Be2 Qf7 18. Rb1 Rd7 19. Qc3 Rfd8 20. Bg5 Re8 21. Rfd1 Qg6 22. Rxd7 Nxd7 23. f4 h6 24. h4 hxg5 25. hxg5 Nc5 26. Qa5 Ne4 27. Qxc7 Qf7 28. Qa5 a6 29. Rd1 Qe7 30. Rd3 Qc5 31. Qc7 Qe7 32. Qa5 Nxg5 33. fxg5 Qxg5 34. Bf1 Be4 35. Rb3 Rd8 36. Qe1 Qg4 37. Rb2 Rd1 38. Qe2 Qxe2 39. Rxe2 Bd3 40. Rf2 Bxc4 41. a3 b5 42. g3 a5 43. Kg2 Rxf1 44. Rxf1 Bxf1+ 45. Kxf1 b4 46. axb4 a4 47. b5 a3 48. b6 a2 49. b7 a1=Q+ 50. Kg2 Qb2+ 0-1


[Site "https://www.chess.com"]

[Event "Titled Tuesday Blitz November 2 2021"]
[White "Cunjalo, Faris"]
[Black "Martinez Alcantara, Jose Eduardo"]
[WhiteFideId "14410710"]
[BlackFideId "3805662"]
[WhiteElo "2234"]
[BlackElo "2690"]
[Result "1-0"]
[Round "10"]
[TimeControl "180+1"]
[Date "2021.11.02"]
[WhiteClock "0:00:14"]
[BlackClock "0:00:04"]

1. c4 c5 2. g3 Nc6 3. Bg2 g6 4. Nc3 Bg7 5. Nf3 d6 6. a3 e6 7. Rb1 Nge7 8. b4 O-O 9. O-O Rb8 10. bxc5 dxc5 11. Ne4 b6 12. Bb2 e5 13. d3 f6 14. Nc3 Bg4 15. h3 Be6 16. e4 Qd7 17. Kh2 h6 18. Nd5 Rbe8 19. Qd2 g5 20. Bc3 Ng6 21. a4 f5 22. exf5 Bxf5 23. a5 bxa5 24. Rb5 Nb4 25. Bxb4 axb4 26. Rxc5 Qd6 27. Rb5 e4 28. dxe4 Bxe4 29. Re1 Bxf3 30. Rxe8 Rxe8 31. Bxf3 Ne5 32. Be2 Nc6 33. Rb7 Nd4 34. Bd1 b3 35. Kg2 Qe5 36. Qd3 a5 37. Bxb3 Nxb3 38. Qxb3 Qe4+ 39. Qf3 a4 40. Ra7 Bd4 41. Qxe4 Rxe4 42. Rxa4 Re2 43. Kf3 Rxf2+ 44. Kg4 Kg7 45. Ra6 Rc2 46. Ne7 Rxc4 47. Nf5+ Kf8 48. Ra8+ Kf7 49. Nd6+ Kg6 50. Nxc4 h5+ 51. Kf3 Kf5 52. g4+ 1-0


[Site "https://www.chess.com"]